 Dungeon Sprint DCSS version 0.29-a0-398-ge13fd1374b (webtiles) character file.

Game seed: 86961646369417878

421 Necrotucker the Fighter (level 6, -8/57 HPs)
             Began as a Demonspawn Monk on May 12, 2022.
             Was a Believer of Jiyva.
             Mangled by a two-headed ogre
             ... wielding a +0 giant club
              (16 damage)
             ... in the Dungeon (Sprint IX: "|||||||||||||||||||||||||||||").
             The game lasted 00:04:44 (155 turns).

Necrotucker the Fighter (Demonspawn Monk)            Turns: 155, Time: 00:04:45

Health: -8/57      AC:  1    Str: 19    XL:     6   Next: 62%
Magic:  6/6        EV: 15    Int: 12    God:    Jiyva [**....]
Gold:   0          SH:  0    Dex: 15    Spells: 5/5 levels left

rFire   . . .      SeeInvis .   k - +7 Throatcutter {drain, coup de grace}
rCold   . . .      Faith    .   (no shield)
rNeg    . . .      Spirit   .   b - +0 robe
rPois   .          Reflect  .   m - +0 helmet
rElec   .          Harm     .   (no cloak)
rCorr   +          Rampage  .   (no gloves)
Will    .....      NoTele   +   (no boots)
Stlth   ++........              (no amulet)
HPRegen 1.15/turn               o - +3 ring of strength
MPRegen 0.40/turn               p - +3 ring of strength

@: corroded
A: molten scales 1, spiny 3, demonic magic 1
a: Renounce Religion


You were in the Dungeon.
You worshipped Jiyva.
Jiyva was pleased with you.
You visited 1 branch

Inventory:

Hand Weapons
 a - a +0 short sword
 k - the +7 Throatcutter (weapon) {drain, coup de grace}
   (You found it in the Dungeon)

   A truly terrible weapon, it drains the life of any living foe it strikes.
   It may instantly kill foes which have little health.
 l - a +2 rapier of distortion
Armour
 b - a +0 robe (worn)
 m - a +0 helmet (worn)
 n - a +1 chain mail
Jewellery
 o - a +3 ring of strength (left hand)
 p - a +3 ring of strength (right hand)
Wands
 j - a wand of acid (10)
Scrolls
 h - 2 scrolls of amnesia
 i - 2 scrolls of blinking
Potions
 c - a potion of ambrosia
 d - 5 potions of curing
 e - 3 potions of heal wounds
 f - a potion of invisibility
 g - 4 potions of magic


   Skills:
 + Level 8.4 Fighting
 + Level 7.8(7.9) Short Blades
 + Level 1.2(5.0) Long Blades
 * Level 4.1 Armour
 + Level 7.3 Dodging
 - Level 1.7 Stealth


You had 5 spell levels left.
You didn't know any spells.
Your spell library was empty.

Dungeon Overview and Level Annotations

Branches:
Dungeon (1/1)

Altars:
Cheibriados
Dithmenos
Elyvilon
Fedhas
Gozag
Hepliaklqana
Kikubaaqudgha
Makhleb
Nemelex Xobeh
Okawaru
Qazlal
Ru
Sif Muna
Trog
Uskayaw
Vehumet
Wu Jian
Xom
Yredelemnul
Zin
The Shining One
Beogh
Jiyva
Lugonu


Innate Abilities, Weirdness & Mutations

You are partially covered in molten scales. (AC +2)
You are completely covered in sharp spines.
Spells you cast may paralyse adjacent enemies.


Message History

Your Short Blades skill gained 2 levels and is now at level 7!
Your Armour skill gained 3 levels and is now at level 3!
Your Dodging skill increases to level 6!
You have reached level 5!
Your demonic ancestry asserts itself...
Molten scales grow over part of your body.
You have reached level 6!
Your demonic ancestry asserts itself...
Sharp spines emerge from your entire body.
You barely miss the orc priest. The orc priest hits you with a +0 club.
You slash the orc priest!
You behead the orc priest!
You kill the orc priest!
The acid dragon spits acid at you. The splash of acid hits you! You resist.
The acid corrodes you!
You closely miss the acid dragon.
You hear a distant slurping noise.
The acid dragon is struck by your spines.
The acid dragon misses you. The acid dragon claws you.
You slash the acid dragon!
The acid dragon is severely wounded.
The acid dragon is struck by your spines.
The acid dragon bites you. The acid dragon claws you.
You hit the acid dragon.
You kill the acid dragon!
The acid dragon scales are intact enough to wear.
You hear a distant slurping noise.
Your Fighting skill increases to level 8!
Your base Long Blades skill increases to level 1!
Your Armour skill increases to level 4!
Your Dodging skill increases to level 7!
You hear a distant slurping noise.
You hear a distant slurping noise.
The two-headed ogre attacks as you move away!
The two-headed ogre completely misses you.
The two-headed ogre hits you with a +0 giant club!
* * * LOW HITPOINT WARNING * * *
The two-headed ogre attacks as you move away!
The two-headed ogre is struck by your spines.
The two-headed ogre hits you with a +0 giant club!
You die... ▓▓▓▓▓▓▓▓▓▓▓▓▓▓▓▓▓▓▓▓▓▓▓▓▓▓▓▓ +.....[y..O@[.)..'__________ ▓▓▓▓▓▓▓▓▓▓▓▓▓▓▓▓▓▓▓▓▓▓▓▓▓▓▓▓

You could see a two-headed ogre and a killer bee.

Vanquished Creatures
  A wyvern (D)
  An acid dragon (D)
  An ogre (D)
  A hound (D)
  An orc priest (D)
  An adder (D)
  A worm (D)
  A ball python (D)
  2 bats (D)
  An endoplasm (D)
  A hobgoblin (D)
  A quokka (D)
13 creatures vanquished.

Vanquished Creatures (others)
  5 great orbs of eyes (D)
  A hornet (shapeshifter) (D)
  2 slime creatures (D)
  A jelly (D)
9 creatures vanquished.

Grand Total: 22 creatures vanquished

Notes
Turn   | Place    | Note
-------+----------+-------------------------------------------
     0 | D        | Necrotucker the Demonspawn Monk began the quest for the
                  | Orb.
     0 | D        | Reached XP level 1. HP: 18/18 MP: 1/1
    52 | D        | Noticed an ogre
    52 | D        | Noticed a hound
    56 | D        | Killed a hound
    57 | D        | Reached skill level 4 in Fighting
    57 | D        | Gained mutation: Spells you cast may paralyse adjacent
                  | enemies. [demonic ancestry]
    57 | D        | Reached XP level 2. HP: 26/26 MP: 2/2
    57 | D        | Gained mutation: You are partially covered in sharp spines.
                  | [demonic ancestry]
    57 | D        | Reached XP level 3. HP: 31/31 MP: 3/3
    64 | D        | Killed an ogre
    65 | D        | Reached skill level 6 in Fighting
    65 | D        | Reached skill level 5 in Short Blades
    65 | D        | Reached skill level 5 in Dodging
    65 | D        | Gained mutation: You are mostly covered in sharp spines.
                  | [demonic ancestry]
    65 | D        | Reached XP level 4. HP: 40/40 MP: 4/4
    83 | D        | Found a snail-covered altar of Cheibriados.
    83 | D        | Found a shadowy altar of Dithmenos.
    83 | D        | Found a blossoming altar of Fedhas.
    83 | D        | Found an opulent altar of Gozag.
    84 | D        | Found a hazy altar of Hepliaklqana.
    85 | D        | Found a viscous altar of Jiyva.
    86 | D        | Found an ancient bone altar of Kikubaaqudgha.
    87 | D        | Found a corrupted altar of Lugonu.
    88 | D        | Found a burning altar of Makhleb.
    89 | D        | Found a sparkling altar of Nemelex Xobeh.
    90 | D        | Found an iron altar of Okawaru.
    91 | D        | Found a stormy altar of Qazlal.
    92 | D        | Found a sacrificial altar of Ru.
    93 | D        | Found a shimmering blue altar of Sif Muna.
    95 | D        | Became a worshipper of Jiyva Jeircho the Shapeless
    95 | D        | Reached * piety under Jiyva
    95 | D        | Reached ** piety under Jiyva
    97 | D        | Found a bloodstained altar of Trog.
    97 | D        | Killed a hornet
    98 | D        | Found a hide-covered altar of Uskayaw.
    98 | D        | Killed a great orb of eyes
    98 | D        | Killed a great orb of eyes
    99 | D        | Found a radiant altar of Vehumet.
    99 | D        | Killed a slime creature
   100 | D        | Found an ornate altar of the Wu Jian Council.
   101 | D        | Found a shimmering altar of Xom.
   101 | D        | Killed a great orb of eyes
   101 | D        | Killed a great orb of eyes
   102 | D        | Found a basalt altar of Yredelemnul.
   102 | D        | Killed a great orb of eyes
   107 | D        | Killed a slime creature
   112 | D        | Found the +7 Throatcutter {drain, coup de grace}
   141 | D        | Noticed a vampire
   141 | D        | Noticed a two-headed ogre
   141 | D        | Noticed an acid dragon
   141 | D        | Noticed a wyvern
   145 | D        | Killed a wyvern
   146 | D        | Reached skill level 7 in Fighting
   146 | D        | Gained mutation: You are partially covered in molten
                  | scales. (AC +2) [demonic ancestry]
   146 | D        | Reached XP level 5. HP: 35/48 MP: 5/5
   146 | D        | Gained mutation: You are completely covered in sharp
                  | spines. [demonic ancestry]
   146 | D        | Reached XP level 6. HP: 40/55 MP: 6/6
   150 | D        | Killed an acid dragon
   151 | D        | Reached skill level 8 in Fighting
   151 | D        | Reached skill level 1 in Long Blades
   155 | D        | Mangled by a two-headed ogre

Illustrated notes

Levels and vault maps discovered:
D:        linesprint [early_d, line_temple, items_1, d_10, items_2, lair_1,
          lair_end, items_3, orc_1, orc_end, items_4, d_15, swamp_1, shoals_1,
          snake_1, spider_1, d_20, vaults_1, items_5, swamp_end, shoals_end,
          snake_end, spider_end, vaults_end, d_27, items_6, zot_1, zot_end,
          crypt_end, forest_end, elf_end, slime_end, tomb_end, abyss_end,
          pan_hell_end]

Skill      XL: |  1  2  3  4  5  6 |
---------------+-------------------+-----
Short Blades   | 4 5 7 |  7.8
Dodging        | 4 5 6 7 |  7.3
Fighting       | 4 6 7 8 |  8.4
Armour         | 3 4 |  4.1
Long Blades    | 1 |  1.2
Stealth        | |  1.7

Action                   |  1- 3 |  4- 6 || total
-------------------------+-------+-------++-------
Melee: Short sword       |    23 |     2 ||    25
       Punch             |     1 |       ||     1
       Long sword        |       |     8 ||     8
  Use: Potion            |     2 |       ||     2
Armor: Robe              |     3 |       ||     3
Dodge: Dodged            |    16 |     4 ||    20

Table legend: (Time is in decaauts)
 A = Elapsed time spent in this place.
 B = Non-inter-level travel time spent in this place.
 C = Inter-level travel time spent in this place.
 D = Time resting spent in this place.
 E = Time spent auto-exploring this place.
 F = Levels seen in this place.
 G = Mean time per level.
                   A        B        C        D        E       F      G
               +--------+--------+--------+--------+--------+-----+--------+
         Total |    147 |    147 |      0 |     27 |      0 |   1 |  147.0 |
       Dungeon |    147 |    147 |      0 |     27 |      0 |   1 |  147.0 |
               +--------+--------+--------+--------+--------+-----+--------+

Top non-repeatable levels by time:
       D: 147 daAuts
